 Dungeon Crawl Stone Soup version 0.23.2-1-ga50397a (webtiles) character file.

Game seed: 6206496718499197421

29 Iscandelvey the Vexing (level 3, 26/26 HPs)
             Began as a Demonspawn Arcane Marksman on Apr 21, 2019.
             Quit the game on level 2 of the Dungeon.
             The game lasted 00:02:23 (962 turns).

Iscandelvey the Vexing (Demonspawn Arcane Marksman)  Turns: 962, Time: 00:02:23

Health: 26/26      AC:  6    Str: 10    XL:     3   Next: 1%
Magic:  4/4        EV: 12    Int: 15    God:
Gold:   26         SH:  0    Dex: 13    Spells: 3/4 levels left

rFire    . . .     SeeInvis .   n - +4 whip
rCold    . . .     Gourm    .   (no shield)
rNeg     . . .     Faith    .   a - +0 robe
rPois    .         Spirit   .   (no helmet)
rElec    .         Reflect  .   (no cloak)
rCorr    .         Harm     .   (no gloves)
MR       .....                  (no boots)
Stlth    +.........             i - amulet of regeneration
HPRegen  0.48/turn              j - +2 ring of protection
MPRegen  0.09/turn              (no ring)

@: no status effects
A: thin metallic scales 1, rot immunity
a: no special abilities


You were on level 2 of the Dungeon.
You were not hungry.

You visited 1 branch of the dungeon, and saw 2 of its levels.

You collected 26 gold pieces.

Inventory:

Hand Weapons
 n - a +4 whip (weapon)
Missiles
 b - 30 poisoned needles
 c - 4 javelins (quivered)
 d - 2 throwing nets
 h - 16 sling bullets
Armour
 a - a +0 robe (worn)
Jewellery
 i - an amulet of regeneration (around neck)
 j - a +2 ring of protection (left hand)
Scrolls
 e - a scroll of immolation {unknown}
 g - a scroll of magic mapping {unknown}
 l - a scroll of enchant armour {unknown}
 m - a scroll of noise {unknown}
 o - a scroll of identify {unknown}
Comestibles
 f - 3 rations
 k - 4 chunks of flesh


   Skills:
 - Level 1.2 Fighting
 + Level 1.9 Throwing
 + Level 2.1 Dodging
 + Level 1.2 Spellcasting
 - Level 3.6 Hexes


You had 3 spell levels left.
You knew the following spells:

 Your Spells              Type           Power        Failure   Level  Hunger
a - Corona                Hex            ##.....      5%          1    ##.....

Your spell library contained the following spells:

 Spells                   Type           Power        Failure   Level  Hunger
 Slow                     Hex            ##......     9%          2    ###....
 Inner Flame              Hex/Fire       #.......     34%         3    ####...
 Portal Projectile        Hex/Tloc       #.....       34%         3    ####...
 Cause Fear               Hex            ##........   47%         4    #####..
 Leda's Liquefaction      Hex/Erth       #.........   75%         4    #####..


Dungeon Overview and Level Annotations

Branches:
Dungeon (2/15)

Altars:


Innate Abilities, Weirdness & Mutations

You are partially covered in thin metallic scales. (AC +2)
You are immune to rotting.


Message History

You hit the dart slug.
The dart slug is almost dead.
The dart slug bites you.
You hit the dart slug.
You kill the dart slug!
You have reached level 3!
Your experience leads to an increase in your attributes!
Increase (S)trength, (I)ntelligence, or (D)exterity?
You feel clever.
Your demonic ancestry asserts itself...
You feel immune to rotting.
Are you sure you want to abandon this character and quit the game? (Confirm with "yes".)
Okay, then.
You hit the rat.
You kill the rat!
You see here a jackal corpse.
You see here a jackal corpse.
You butcher the jackal corpse.
k - 4 chunks of flesh (gained 2)
You see here a jackal skeleton.
Are you sure you want to abandon this character and quit the game? (Confirm with "yes".)

..##.##. ....(. ... #.##.
. .. ##.... .. ##
###.###..##( #.###.
.....#..##. #.....
#.........
#.....############.##.....
#..รท.@$.#...........#.
#######.........#...#.
##........#...#.
##...........#.
####...#..#... #.#.......#
#.#.#.##..# #.#.(.##...
#......#...


There were no monsters in sight!

Vanquished Creatures
  An ooze (D:1)
  2 dart slugs
  2 giant cockroaches
  A goblin (D:2)
  4 jackals (D:2)
  A ball python (D:2)
  5 bats
  3 kobolds
  2 rats
21 creatures vanquished.

Notes
Turn   | Place    | Note
-------+----------+-------------------------------------------
     0 | D:1      | Iscandelvey the Demonspawn Arcane Marksman began the quest
                  | for the Orb.
     0 | D:1      | Reached XP level 1. HP: 15/15 MP: 2/2
   220 | D:1      | Gained mutation: You are partially covered in thin metallic
                  | scales. (AC +2) [demonic ancestry]
   220 | D:1      | Reached XP level 2. HP: 20/21 MP: 3/3
   953 | D:2      | Gained mutation: You are immune to rotting. [demonic
                  | ancestry]
   953 | D:2      | Reached XP level 3. HP: 25/26 MP: 4/4
   962 | D:2      | Quit the game

Skill      XL: |  1  2 |
---------------+-------+-----
Dodging        | 2 |  2.1
Fighting       | |  1.2
Throwing       | |  1.9
Spellcasting   | |  1.2
Hexes          | |  3.6

Action                   || total
-------------------------++-------
Melee: Club              ||    69
       Unarmed           ||     1
       Whip              ||    26
Throw: Javelin           ||     3
Armor: Robe              ||    59
Dodge: Dodged            ||    84
